 Dungeon Crawl Stone Soup version 0.19.3 (webtiles) character file.

6856 Moraw the Impaler (level 10, -9/91 HPs)
             Began as a Minotaur Fighter on Jan 22, 2017.
             Was a Believer of the Shining One.
             Mangled by a crocodile (12 damage)
             ... on level 2 of the Lair of Beasts.
             The game lasted 00:38:15 (7826 turns).

Moraw the Impaler (Minotaur Fighter)                Turns: 7826, Time: 00:38:15

Health: -9/91      AC:  6    Str: 24    XL:     10   Next: 78%
Magic:  9/9        EV: 10    Int:  5    God:    the Shining One [**....]
Gold:   472        SH: 10    Dex: 16    Spells: 0 memorised, 9 levels left

rFire  + . .     SeeInvis .     a - +0 trident
rCold  . . .     Gourm    .     b - +0 scale mail
rNeg   + . .     Faith    .     c - +0 shield
rPois  .         Spirit   .     (helmet restricted)
rElec  .         Reflect  .     (no cloak)
rCorr  .         Harm     .     (no gloves)
MR     .....                    (no boots)
Stlth  ..........               R - amulet of rage
                                u - +6 ring of dexterity
                                Q - ring of protection from fire

@: glowing
A: retaliatory headbutt, horns 2
a: Divine Shield, Renounce Religion, Evoke Berserk Rage


You were on level 2 of the Lair of Beasts.
You worshipped the Shining One.
The Shining One was pleased with you.
You were not hungry.

You visited 3 branches of the dungeon, and saw 11 of its levels.
You also visited: Sewer.

You collected 487 gold pieces.
You spent 15 gold pieces at shops.

Inventory:

Hand Weapons
 a - a +0 trident (weapon)
Armour
 b - a +0 scale mail (worn)
 c - a +0 shield (worn)
Jewellery
 t - an uncursed ring of protection from magic
 u - a +6 ring of dexterity (right hand)
 x - an uncursed ring of see invisible
 A - an uncursed ring of wizardry
 B - an uncursed amulet of magic regeneration
 F - an uncursed ring of flight
 Q - a ring of protection from fire (left hand)
 R - an amulet of rage (around neck)
Wands
 s - a wand of polymorph (13/24)
 y - a wand of teleportation (6/9)
 C - a wand of iceblast (6/15)
 I - a wand of polymorph (15/24)
 P - a wand of polymorph (19/24)
Scrolls
 e - 4 scrolls of magic mapping {unknown}
 g - 6 scrolls of teleportation
 h - a scroll of enchant armour {unknown}
 i - a scroll of noise {unknown}
 j - 5 scrolls of identify
 l - 3 scrolls of amnesia {unknown}
 o - 6 scrolls of remove curse
 r - 3 scrolls of fog {unknown}
 v - a scroll of fear {unknown}
 w - 4 scrolls of random uselessness {unknown}
 D - 2 scrolls of silence {unknown}
 E - 2 scrolls of enchant weapon {unknown}
 L - 2 scrolls of recharging {unknown}
 O - a scroll of blinking {unknown}
 S - a scroll of vulnerability {unknown}
Potions
 d - a potion of might
 m - 4 potions of lignification
 n - 4 potions of curing
 p - 5 potions of degeneration
 q - 3 potions of heal wounds {unknown}
 z - 4 potions of magic {unknown}
 G - a potion of brilliance {unknown}
 H - a potion of haste {unknown}
 K - 2 potions of cancellation {unknown}
 M - a potion of agility {unknown}
Comestibles
 f - 5 bread rations
 k - 4 meat rations
 J - 4 royal jellies
 N - a beef jerky


   Skills:
 + Level 9.5 Fighting
 * Level 16.0 Polearms
 - Level 3.6 Armour
 + Level 4.4 Dodging
 - Level 3.6 Shields


You had 9 spell levels left.
You didn't know any spells.

Dungeon Overview and Level Annotations

Branches:
Dungeon (8/15)             Temple (1/1) D:5            Lair (2/6) D:8
  Swamp: Lair:2-4    Shoals: Lair:2-4     Snake: Lair:2-4    Spider: Lair:2-4

Altars:
Ashenzari
Cheibriados
Dithmenos
Elyvilon
Fedhas
Gozag
Hepliaklqana
Kikubaaqudgha
Makhleb
Nemelex Xobeh
Okawaru
Qazlal
Ru
Sif Muna
Trog
Uskayaw
Vehumet
Xom
Yredelemnul
Zin
The Shining One

Shops:
D:6 !   D:8 ?


Innate Abilities, Weirdness & Mutations

You reflexively headbutt those who attack you in melee.
You have a pair of horns on your head.


Message History

You barely miss the yak. The crocodile bites you!
* * * LOW HITPOINT WARNING * * *
You are too injured to fight recklessly!
Unknown command.
You are too injured to fight recklessly!
You are too injured to fight recklessly!
You are too injured to fight recklessly!
You puncture the yak!
The yak is moderately wounded.
You block the yak's attack.
You impale the yak!!
The yak is almost dead.
The crocodile closely misses you. The yak gores you!
* * * LOW HITPOINT WARNING * * *
You hit the yak.
You kill the yak!
Your Polearms skill increases to level 16!
The crocodile bites you but does no damage.
The crocodile bites you!
You die...

##.... .. #.....
#. ###....# .# .
......####.###
....#...##......
...........PP#
....#.##.#..## .
#....†<##
.....#...@t#
.### ##....P#
#P.......
##..#......
#.###..... P.#
..... #.. ....#
.. ....


You could see a crocodile.

Vanquished Creatures
  2 black mambas (Lair:1)
  4 spiny frogs (Lair:1)
  2 komodo dragons (Lair:1)
  2 wyverns
  2 basilisks (Lair:1)
  4 yaks (Lair:2)
  2 water moccasins (Lair:1)
  3 porcupines (Lair:1)
  2 orc warriors (D:8)
  2 phantoms
  2 black bears (D:8)
  A sky beast (D:7)
  3 ogres
  A crocodile (Lair:1)
  A centaur (D:5)
  A big kobold (D:6)
  9 bullfrogs
  5 killer bees (D:7)
  4 wights
  A howler monkey (D:6)
  A crimson imp (D:5)
  A centaur zombie (D:5)
  2 jellies (D:7)
  An orc priest (D:7)
  2 hounds
  2 centaur skeletons
  2 iguanas
  4 orc wizards
  2 worker ants
  11 adders
  2 oozes (D:3)
  2 adder zombies
  3 worms
  2 dart slugs (D:2)
  4 leopard geckos
  19 orcs
  8 ball pythons
  5 bats
  6 hobgoblins
  11 jackals
  16 kobolds
  A quokka (D:8)
  A ball python skeleton (D:5)
  9 frilled lizards
  9 giant cockroaches
  5 goblins
  2 leopard gecko skeletons
  9 rats
  A spectral orc (D:2)
196 creatures vanquished.

Vanquished Creatures (others)
  A kobold (D:1)
  A rat (D:1)
2 creatures vanquished.

Grand Total: 198 creatures vanquished

Notes
Turn   | Place    | Note
-------+----------+-------------------------------------------
     0 | D:1      | Moraw the Minotaur Fighter began the quest for the Orb.
     0 | D:1      | Reached XP level 1. HP: 19/19 MP: 0/0
   337 | D:1      | Reached XP level 2. HP: 27/27 MP: 1/1
   548 | D:2      | Reached skill level 3 in Polearms
   569 | D:2      | Found a shattered altar of Ashenzari.
   778 | D:2      | Reached XP level 3. HP: 33/33 MP: 2/2
  1088 | D:2      | Found a basalt altar of Yredelemnul.
  1137 | D:2      | Reached skill level 4 in Polearms
  1370 | D:3      | Reached XP level 4. HP: 33/41 MP: 3/3
  1766 | D:4      | Reached skill level 5 in Polearms
  1790 | D:4      | Found a burning altar of Makhleb.
  1809 | D:4      | Noticed a phantom
  1831 | D:4      | Killed a phantom
  1831 | D:4      | Reached skill level 6 in Polearms
  1831 | D:4      | Reached XP level 5. HP: 40/47 MP: 4/4
  1862 | D:4      | Found a deep blue altar of Sif Muna.
  1987 | D:4      | Noticed an ogre
  1995 | D:4      | Killed an ogre
  2059 | D:4      | Reached XP level 6. HP: 50/55 MP: 5/5
  2140 | D:4      | Reached skill level 7 in Polearms
  2451 | D:5      | Entered Level 5 of the Dungeon
  2472 | D:5      | Reached skill level 5 in Fighting
  2521 | D:5      | Found a staircase to the Ecumenical Temple.
  2538 | Temple   | Entered the Ecumenical Temple
  2716 | Temple   | Became a worshipper of the Shining One
  2781 | D:5      | Reached skill level 8 in Polearms
  2781 | D:5      | Reached skill level 1 in Dodging
  2786 | D:5      | Reached XP level 7. HP: 27/61 MP: 6/6
  2889 | D:5      | Found a stormy altar of Qazlal.
  3103 | D:5      | Found a shattered altar of Ashenzari.
  3107 | D:5      | Saw a vision of the Shoals and the Snake Pit.
  3107 | D:5      | Noticed a naga mage
  3107 | D:5      | Noticed a naga sharpshooter
  3107 | D:5      | Noticed a naga mage
  3107 | D:5      | Noticed an anaconda
  3107 | D:5      | Noticed a sea snake
  3107 | D:5      | Noticed a sea snake
  3107 | D:5      | Noticed a siren
  3107 | D:5      | Noticed a merfolk
  3107 | D:5      | Noticed a merfolk
  3108 | D:5      | Noticed a sea snake
  3109 | D:5      | Noticed an anaconda
  3109 | D:5      | Reached * piety under the Shining One
  3109 | D:5      | Noticed a naga mage
  3109 | D:5      | Noticed a merfolk
  3188 | D:5      | Reached skill level 9 in Polearms
  3272 | D:6      | Found an ancient bone altar of Kikubaaqudgha.
  3370 | D:6      | Found a glowing drain.
  3403 | Sewer    | Entered a sewer
  3765 | D:6      | Found a hide-covered altar of Uskayaw.
  3834 | D:6      | Reached ** piety under the Shining One
  3840 | D:6      | Reached skill level 10 in Polearms
  3840 | D:6      | Reached XP level 8. HP: 56/70 MP: 7/7
  3866 | D:6      | Found Noryobb's Distillery.
  3896 | D:6      | Bought a potion of degeneration for 15 gold pieces
  4123 | D:7      | Found a bloodstained altar of Trog.
  4138 | D:7      | Reached skill level 11 in Polearms
  4152 | D:7      | HP: 1/71 [killer bee (5)]
  4724 | D:7      | Reached skill level 12 in Polearms
  4724 | D:7      | Reached XP level 9. HP: 13/79 MP: 8/8
  5270 | D:7      | Found a sacrificial altar of Ru.
  5271 | D:7      | Found a shadowy altar of Dithmenos.
  5472 | D:8      | Found a staircase to the Lair.
  5576 | D:8      | Found an iron altar of Okawaru.
  5832 | D:8      | Found Apuottiz's Magic Scroll Shoppe.
  5847 | D:8      | Reached skill level 13 in Polearms
  6050 | D:8      | Found a snail-covered altar of Cheibriados.
  6121 | Lair:1   | Entered Level 1 of the Lair of Beasts
  6155 | Lair:1   | Noticed a komodo dragon
  6163 | Lair:1   | Killed a komodo dragon
  6572 | Lair:1   | Noticed a spiny frog
  6581 | Lair:1   | Killed a spiny frog
  6581 | Lair:1   | Reached skill level 14 in Polearms
  6586 | Lair:1   | Reached XP level 10. HP: 56/90 MP: 9/9
  6616 | Lair:1   | Noticed a spiny frog
  6621 | Lair:1   | Killed a spiny frog
  6642 | Lair:1   | Noticed a black mamba
  6650 | Lair:1   | Killed a black mamba
  7112 | Lair:1   | Noticed a black mamba
  7120 | Lair:1   | Killed a black mamba
  7120 | Lair:1   | Reached skill level 15 in Polearms
  7532 | Lair:1   | Noticed a spiny frog
  7544 | Lair:1   | Killed a spiny frog
  7733 | Lair:1   | Noticed a spiny frog
  7738 | Lair:1   | Killed a spiny frog
  7824 | Lair:2   | HP: 3/91 [yak (15)]
  7825 | Lair:2   | Reached skill level 16 in Polearms
  7826 | Lair:2   | Mangled by a crocodile

Skill      XL: |  1  2  3  4  5  6  7  8  9 10 |
---------------+-------------------------------+-----
Fighting       | 4 5 6 7 8 9 |  9.5
Polearms       | 3 4 6 8 10 12 14 16 | 16.0
Dodging        | 1 2 3 4 |  4.4
Armour         | |  3.6
Shields        | |  3.6

Action                   |  1- 3 |  4- 6 |  7- 9 | 10-12 || total
-------------------------+-------+-------+-------+-------++-------
Melee: Trident           |   116 |   104 |   341 |    77 ||   638
       Headbutt          |    15 |    17 |    55 |    27 ||   114
  Use: Potion            |       |       |     4 |       ||     4
       Scroll            |       |       |     3 |       ||     3
  Eat: Chunk             |     2 |     3 |    11 |     2 ||    18
       Beef jerky        |       |     1 |     1 |       ||     2
       Pizza             |       |       |       |     1 ||     1
Armor: Scale mail        |    40 |    30 |    41 |     4 ||   115
       Skin              |       |       |    12 |       ||    12
Dodge: Dodged            |    32 |    22 |    67 |    16 ||   137
Block: Shield            |    50 |    30 |   110 |    18 ||   208
